 Dungeon Crawl Stone Soup version 0.28-a0-556-gab23d0e057 (webtiles) character file.

Game seed: 502328662862040677

228039 meatgazer the Slayer (level 18, -5/182 HPs)
             Began as a Minotaur Berserker on Sept 28, 2021.
             Was an Elder of Trog.
             Slain by a redback (11 damage)
             ... on level 4 of the Spider Nest on Sept 29, 2021.
             The game lasted 01:44:50 (46192 turns).

meatgazer the Slayer (Minotaur Berserker)          Turns: 46192, Time: 01:44:51

Health: -5/182     AC: 39    Str: 32 (33) XL:     18   Next: 69%
Magic:  0/18       EV:  9    Int: 10 (12) God:    Trog [****..]
Gold:   4016       SH:  6    Dex: 11 (13) Spells: 17/17 levels left

rFire   . . .      SeeInvis .   s - +8 falchion "Qibun" {vorpal, Str+4}
rCold   . . .      Faith    .   V - +0 buckler of Pride {+Blink rC- Stlth+}
rNeg    + . .      Spirit   +   P - +4 crystal plate armour
rPois   +          Reflect  .   t - +2 hat
rElec   .          Harm     .   J - +0 cloak
rCorr   .          Rampage  .   g - +2 pair of gloves {Stlth+}
Will    +....                   H - +1 pair of boots
Stlth   ..........              h - amulet of guardian spirit
HPRegen 0.40/turn               R - ring "Tyfagg" {rN+ Str+4 Int+6}
MPRegen 0.16/turn               l - ring of poison resistance

@: mighty, on berserk cooldown, slowed, very slow
A: horns 2, retaliatory headbutt, claws 1, cold resistance 1, high mp 1, noise
suppression
}: 1/15 runes: decaying
a: Renounce Religion, Evoke Blink, Berserk, Trog's Hand, Brothers in Arms


You were on level 4 of the Spider Nest.
You worshipped Trog.
Trog was greatly pleased with you.
You visited 5 branches of the dungeon, and saw 31 of its levels.
You also visited: Ossuary, Bailey and Ice Cave.

You collected 4016 gold pieces.

Inventory:

Hand Weapons
 j - the +9 sword of Zonguldrok {reap}
   (You found it on level 6 of the Dungeon)

   Any living foe damaged by it may be reanimated upon death as a zombie
   friendly to the wielder, with an increasing chance as more damage is dealt.
 s - the +8 falchion "Qibun" (weapon) {vorpal, Str+4}
   (Trog gifted it to you on level 2 of the Spider Nest)

   It inflicts extra damage upon your enemies.
   Str:       It affects your strength (+4).
 z - the +9 shortbow of Circular Logic {vorpal, rC- Will- Str+8}
   (You found it on level 6 of the Lair of Beasts)

   Any ammunition fired from it inflicts extra damage upon your enemies.
   Str:       It affects your strength (+8).
   rC:        It makes you vulnerable to cold.
   Will:      It decreases your willpower.
 W - the +5 falchion "Awaisunleu" {flame, Str+3 Int+4}
   (You found it on level 4 of the Swamp)

   It burns those it strikes, dealing additional fire damage.
   Big, fiery blades are also staple armaments of hydra-hunters.
   Str:       It affects your strength (+3).
   Int:       It affects your intelligence (+4).
Missiles
 E - 488 arrows
Armour
 g - a +2 pair of gloves of stealth (worn)
 n - a +1 kite shield of cold resistance
 t - a +2 hat (worn)
 F - a +0 buckler
 G - the +8 ring mail "Pufej" {rC+ MP-9 Str+3 Int+4}
   (You found it on level 12 of the Dungeon)

   Str:       It affects your strength (+3).
   Int:       It affects your intelligence (+4).
   rC:        It protects you from cold.
   MP:        It affects your magic capacity (-9).
 H - a +1 pair of boots (worn)
 J - a +0 cloak (worn)
 P - a +4 crystal plate armour (worn)
 V - the +0 buckler of Pride (worn) {+Blink rC- Stlth+}
   (You found it on level 4 of the Spider Nest)

   rC:        It makes you vulnerable to cold.
   +Blink:    It lets you blink.
   Stlth:     It makes you more stealthy.
Jewellery
 d - a ring of willpower
 h - an amulet of guardian spirit (around neck)
 l - a ring of poison resistance (right hand)
 r - a +6 ring of dexterity
 R - the ring "Tyfagg" (left hand) {rN+ Str+4 Int+6}
   (You found it on level 2 of the Swamp)

   [ring of intelligence]

   Str:       It affects your strength (+4).
   Int:       It affects your intelligence (+6).
   rN:        It protects you from negative energy.
 S - a +6 ring of intelligence
Wands
 a - a wand of paralysis (9)
 i - a wand of mindburst (50)
 k - a wand of flame (36)
 o - a wand of charming (10)
 p - a wand of iceblast (9)
 D - a wand of acid (5)
 U - a wand of digging (12)
Scrolls
 e - 12 scrolls of identify
 u - a scroll of teleportation
 x - a scroll of fear
 y - 3 scrolls of fog
 K - a scroll of holy word
 L - 2 scrolls of brand weapon
 Q - a scroll of magic mapping
Potions
 b - 12 potions of curing
 c - 5 potions of ambrosia
 m - 3 potions of haste
 q - 2 potions of invisibility
 v - a potion of cancellation
 A - 2 potions of magic
 B - 6 potions of flight
 C - a potion of resistance
 T - 3 potions of berserk rage
Miscellaneous
 f - a phantom mirror
 w - a condenser vane
 M - a phial of floods
 O - a tin of tremorstones (2/2)


   Skills:
 + Level 21.6 Fighting
 - Level 20.0 Long Blades
 + Level 8.4 Bows
 + Level 17.7 Armour
 + Level 7.4 Dodging
 * Level 10.9 Shields
 + Level 16.0 Evocations


You had 17 spell levels left.
You didn't know any spells.
Your spell library was empty.

Dungeon Overview and Level Annotations

Branches:
Dungeon (15/15)            Temple (0/1) D:5            Lair (6/6) D:9
  Swamp (4/4) Lair:3       Spider (4/4) Lair:3        Slime (0/5) Lair:5
    Orc (2/2) D:10            Elf (0/3) Orc:2        Vaults (0/5) D:14
 Depths (0/4) D:15        Ossuary (visited)          Bailey (visited)
  IceCv (visited)

Altars:
Ashenzari
Cheibriados
Hepliaklqana
Kikubaaqudgha
Makhleb
Nemelex Xobeh
Qazlal
Sif Muna
Trog
Xom
The Shining One
Jiyva

Shops:
D:8 *   Orc:2 :(?[

Annotations:
D:6 2 transporters
Lair:3 exclusion: 2 oklob plants


Innate Abilities, Weirdness & Mutations

You have a pair of horns on your head.
You reflexively headbutt those who attack you in melee.
You have sharp fingernails.
Your flesh is cold resistant. (rC+)
You have an increased reservoir of magic. (+10% MP)
You passively dampen the noise of your surroundings.


Message History

The redback barely misses you. You furiously retaliate!
You headbutt the redback.
You feel you are being watched by something.
Okay, then.
As you read the scroll of fear, it crumbles to dust.
You assume a fearsome visage.
The moth of wrath looks frightened!
The redback is unaffected.
The hornet looks frightened!
The jumping spider looks frightened!
The redback closely misses you. You furiously retaliate!
You headbutt the redback!
The jumping spider leaps!
The redback bites you but does no damage.
Something hits you but does no damage. Something hits you.
* * * LOW HITPOINT WARNING * * *
You feel weakened. Something stings you.
* * * LOW HITPOINT WARNING * * *
The jumping spider leaps!
The redback bites you.
* * * LOW HITPOINT WARNING * * *
Something hits you but does no damage. x2
Something stings you but does no damage.
You feel you are being watched by something.
Something hits you.
* * * LOW HITPOINT WARNING * * *
You feel dopey. Something hits you.
* * * LOW HITPOINT WARNING * * *
Something stings you but does no damage.
Unknown command.
You completely miss the redback.
The redback is heavily wounded.
You are no longer corroded.
The redback bites you but does no damage. x2
You block something's attack. Something hits you.
* * * LOW HITPOINT WARNING * * *
You block something's attack. Something hits you but does no damage.
Something hits you!
* * * LOW HITPOINT WARNING * * *
Something stings you but does no damage.
As you read the scroll of fear, it crumbles to dust.
You assume a fearsome visage.
The redback is unaffected.
The redback bites you!
You die...

########
#....@.#
..^...s.{.≈≈≈≈≈
.^..#.≈≈≈≈≈≈≈≈.
.....≈≈#≈≈≈..#.
. ^y≈y≈ ..^....
###### #######


You could see a moth of wrath (fleeing), a hornet (fleeing) and a redback
(berserk).

Vanquished Creatures
  Bai Suzhen (Spider:3)
  Nikola (Spider:3)
  Arachne (Spider:1)
  Rupert (Lair:3)
  Mlioglotl (Spider:3)
  A tentacled monstrosity (Swamp:4)
  Jorgrun (Spider:3)
  3 thorn hunters
  The ghost of mitch45678 the Severer, an adept PaFi of Okawaru (Swamp:2)
  Roxanne (Spider:2)
  3 fenstrider witches (Swamp:4)
  Aizul (Spider:2)
  A ghost moth (Spider:1)
  2 orc warlords
  4 ghouls (Swamp:4)
  2 emperor scorpions
  3 entropy weavers
  3 bunyips
  3 spark wasps
  Snorg (Lair:6)
  An ettin (D:15)
  A blizzard demon (Swamp:4)
  A fire dragon (D:14)
  5 eleionomae
  A green death (Swamp:4)
  A rakshasa (D:15)
  5 boulder beetles
  A spriggan air mage (Swamp:2)
  4 centaur warriors
  8 vault guards (D:14)
  8 ogre magi
  15 hydras
  A death knight (D:7)
  4 ghost crabs
  3 death yaks (Lair:6)
  2 tengu warriors
  12 two-headed ogres
  A dancing weapon (Swamp:2)
  10 alligators
  A hell knight (D:15)
  Urug (Lair:1)
  Nergalle (Lair:1)
  A soul eater (Swamp:4)
  9 skeletal warriors
  Sonja (Orc:2)
  A sixfirhy (Swamp:4)
  3 goliath frogs
  4 spriggan druids
  2 swamp dragons (Swamp:4)
  8 bog bodies
  A deep troll (D:15)
  2 orc knights (Orc:1)
  10 orb spiders
  3 deep elf pyromancers
  2 deep elf zephyrmancers (Swamp:4)
  4 lindwurms
  3 orc sorcerers
  7 will-o-the-wisps
  5 manticores
  11 wolf spiders
  9 ugly things
  7 cyclopes
  An ice statue (IceCv)
  A moth of wrath (Spider:2)
  Maurice (Orc:1)
  19 elephants
  5 black mambas
  3 torpor snails
  4 orange demons (Swamp:4)
  Maggie (D:9)
  11 rime drakes
  4 unseen horrors
  12 cane toads
  4 freezing wraiths (D:7)
  6 demonic crawlers
  3 tengu conjurers
  An anaconda simulacrum (IceCv)
  2 entropy weaver simulacra (IceCv)
  A queen bee (Lair:3)
  10 komodo dragons
  A hellwing (Swamp:4)
  A wolf spider simulacrum (D:15)
  3 meliai (Spider:3)
  7 trolls
  4 tyrant leeches
  17 jumping spiders
  12 hornets
  14 slime creatures
  9 dream sheep
  6 blink frogs
  6 spriggans (Swamp:1)
  50 redbacks
  2 shadows
  31 tarantellas
  3 vampires
  2 wraiths
  55 yaks
  6 hogs (Swamp:1)
  10 wyverns
  16 basilisks
  11 vampire mosquitoes
  3 chaos spawn (Swamp:4)
  A neqoxec (Swamp:4)
  2 steam dragons
  A warg (Orc:1)
  An acid dragon (D:13)
  13 swamp worms
  A hell hound (Lair:4)
  20 water moccasins
  6 swamp drakes
  3 sky beasts
  2 ice beasts (D:6)
  24 orc warriors
  A black bear (Lair:1)
  4 necrophages
  An ice beast (shapeshifter) (D:15)
  18 centaurs
  16 wolves
  29 ogres
  3 kobold brigands
  An elf zombie (Ossuary)
  2 scorpions
  8 bullfrogs
  A wyvern zombie (D:7)
  A cane toad simulacrum (IceCv)
  5 two-headed ogre simulacra (IceCv)
  A wyvern skeleton (D:7)
  35 killer bees
  2 elephant simulacra (IceCv)
  3 electric eels
  2 howler monkeys (D:9)
  8 centaur zombies
  2 bullfrog skeletons
  2 hounds
  7 orc priests
  2 jellies
  A centaur skeleton (D:7)
  3 iguanas
  25 orc wizards
  7 hell rats
  4 polar bear simulacra (IceCv)
  5 troll simulacra (IceCv)
  3 spriggan simulacra (IceCv)
  5 wolf simulacra (IceCv)
  A killer bee zombie (D:9)
  A centaur simulacrum (D:9)
  2 mummies (Ossuary)
  Robin (D:3)
  3 howler monkey zombies (D:9)
  4 adders
  3 naga simulacra (IceCv)
  A river rat (Lair:3)
  5 white imps
  5 ufetubi (IceCv)
  2 adder zombies (Ossuary)
  5 dart slugs
  72 orcs
  8 ball pythons
  6 endoplasms
  4 giant cockroaches
  17 goblins
  15 hobgoblins
  2 jackals (D:1)
  A quokka (D:1)
  4 bats
  4 frilled lizards (D:1)
  2 goblin zombies (Ossuary)
  12 hobgoblin zombies (Ossuary)
  2 jackal zombies (Ossuary)
  32 kobolds
  6 kobold zombies (Ossuary)
  9 orc zombies (Ossuary)
  6 rats
  2 rat zombies (Ossuary)
  4 briar patches (Swamp:2)
  A plant (Swamp:3)
1096 creatures vanquished.

Vanquished Creatures (collateral kills)
  A bunyip (Swamp:4)
  An eleionoma (Swamp:4)
  2 boulder beetles (Lair:1)
  3 catoblepae
  An ogre mage (Orc:2)
  8 two-headed ogres (Orc:2)
  A soul eater (Swamp:4)
  A skeletal warrior (D:15)
  2 bog bodies (IceCv)
  A necromancer (D:15)
  3 orb spiders (Spider:2)
  A wolf spider (Spider:4)
  An ugly thing (D:14)
  A manticore (Lair:6)
  A slime creature (D:13)
  4 elephants
  An anaconda simulacrum (IceCv)
  A tengu conjurer (D:13)
  3 rime drakes
  A demonic crawler (Spider:2)
  5 jumping spiders
  A tyrant leech (Swamp:4)
  A hornet (Swamp:4)
  3 dream sheep
  3 spriggans
  2 tarantellas
  6 redbacks
  2 yaks
  3 wyverns
  A basilisk (Lair:2)
  A centaur (D:15)
  4 ogres (Orc:2)
  A bullfrog (Lair:5)
  A two-headed ogre simulacrum (IceCv)
  An elephant simulacrum (IceCv)
  5 killer bees (Lair:3)
  2 lava snakes (Lair:1)
  A hell rat (Lair:3)
  A spriggan simulacrum (IceCv)
  2 naga simulacra (IceCv)
  A white imp (IceCv)
  3 orcs
  3 kobolds
91 creatures vanquished.

Vanquished Creatures (others)
  2 wizards
  4 bloated husks
  An orc (Orc:1)
  A goblin (D:3)
  44 foxfires
  37 fungi
  44 plants
133 creatures vanquished.

Grand Total: 1320 creatures vanquished

Notes
Turn   | Place    | Note
-------+----------+-------------------------------------------
     0 | D:1      | meatgazer the Minotaur Berserker began the quest for the
                  | Orb.
     0 | D:1      | Reached XP level 1. HP: 19/19 MP: 0/0
   263 | D:1      | Reached XP level 2. HP: 27/27 MP: 1/1
   422 | D:1      | Reached skill level 4 in Fighting
   774 | D:1      | Reached ** piety under Trog
   850 | D:1      | Reached XP level 3. HP: 33/33 MP: 2/2
  1022 | D:1      | Found a faded altar of an unknown god.
  1030 | D:1      | Identified a scroll of acquirement
  1030 | D:1      | Acquired a manual of Fighting
  1940 | D:3      | Reached skill level 5 in Fighting
  1940 | D:3      | Reached XP level 4. HP: 42/42 MP: 3/3
  2043 | D:3      | Noticed Robin
  2069 | D:3      | Killed Robin
  2070 | D:3      | Reached skill level 6 in Fighting
  2213 | D:3      | Reached XP level 5. HP: 50/50 MP: 4/4
  2718 | D:4      | Reached *** piety under Trog
  2729 | D:4      | Noticed an ogre
  2736 | D:4      | Killed an ogre
  2737 | D:4      | Reached skill level 7 in Fighting
  2737 | D:4      | Reached skill level 5 in Long Blades
  2768 | D:4      | Reached XP level 6. HP: 45/60 MP: 5/5
  2783 | D:4      | Reached skill level 8 in Fighting
  2786 | D:4      | Found a sand-covered staircase.
  2790 | Ossuary  | Entered an ossuary
  3050 | Ossuary  | Reached **** piety under Trog
  3064 | Ossuary  | Reached skill level 5 in Armour
  3073 | Ossuary  | Reached skill level 9 in Fighting
  3295 | D:4      | Reached XP level 7. HP: 62/70 MP: 6/6
  3627 | D:4      | Gained mutation: Your natural rate of healing is unusually
                  | fast. [potion of mutation]
  3627 | D:4      | Gained mutation: Your flesh is heat resistant. (rF+)
                  | [potion of mutation]
  3627 | D:4      | Gained mutation: You are robust. (+10% HP) [potion of
                  | mutation]
  3653 | D:5      | Entered Level 5 of the Dungeon
  3727 | D:5      | Found a staircase to the Ecumenical Temple.
  3821 | D:5      | Reached skill level 10 in Fighting
  4168 | D:6      | Found the +9 sword of Zonguldrok {reap}
  4206 | D:6      | Reached skill level 11 in Fighting
  4246 | D:6      | Noticed a vampire
  4261 | D:6      | Found a stormy altar of Qazlal.
  4264 | D:6      | Reached XP level 8. HP: 90/90 MP: 7/7
  4294 | D:6      | Noticed a skeletal warrior
  4296 | D:6      | Noticed a skeletal warrior
  4297 | D:6      | Noticed a skeletal warrior
  4437 | D:6      | Killed a skeletal warrior
  4438 | D:6      | Reached skill level 12 in Fighting
  4443 | D:6      | Killed a skeletal warrior
  4444 | D:6      | Reached skill level 13 in Fighting
  4444 | D:6      | Reached XP level 9. HP: 89/103 MP: 4/8
  4453 | D:6      | Killed a skeletal warrior
  4454 | D:6      | Reached skill level 14 in Fighting
  4573 | D:6      | Found a transporter.
  4597 | D:6      | Noticed a skeletal warrior
  4606 | D:6      | Killed a skeletal warrior
  4607 | D:6      | Reached skill level 15 in Fighting
  4648 | D:6      | Found a transporter.
  4996 | D:7      | Noticed an eight-headed hydra
  5005 | D:7      | Killed a 12-headed hydra
  5006 | D:7      | Reached skill level 16 in Fighting
  5006 | D:7      | Reached XP level 10. HP: 117/117 MP: 4/9
  5079 | D:7      | Reached ***** piety under Trog
  5223 | D:7      | Noticed a death knight
  5232 | D:7      | Killed a death knight
  5233 | D:7      | Reached skill level 5 in Evocations
  5319 | D:7      | Reached skill level 17 in Fighting
  5521 | D:7      | Reached skill level 10 in Long Blades
  5790 | D:8      | Found a shimmering blue altar of Sif Muna.
  6027 | D:8      | Found Poonk's General Store.
  6065 | D:8      | Found a glowing golden altar of the Shining One.
  6065 | D:8      | Found a sparkling altar of Nemelex Xobeh.
  6615 | D:9      | Found a staircase to the Lair.
  6623 | D:9      | Found a faded altar of an unknown god.
  6623 | D:9      | Found a hazy altar of Hepliaklqana.
  6623 | D:9      | Found a faded altar of an unknown god.
  6775 | D:9      | Found a flagged portal.
  6788 | Bailey   | Entered a bailey
  6808 | Bailey   | Noticed an orc warlord
  6898 | Bailey   | Found a runed translucent gate.
  6899 | Bailey   | Found a runed translucent gate.
  6901 | Bailey   | Found a runed translucent gate.
  7031 | Bailey   | Killed an orc warlord
  7032 | Bailey   | Reached XP level 11. HP: 128/128 MP: 6/10
  7072 | Bailey   | Acquired 955 gold pieces
  7074 | Bailey   | Reached XP level 12. HP: 137/137 MP: 11/11
  7322 | D:9      | Received a gift from Trog
  7571 | D:9      | Noticed Maggie
  7578 | D:9      | Killed Maggie
  7686 | D:9      | Acquired a +1 pair of gloves of stealth
  7867 | D:9      | Found an ancient bone altar of Kikubaaqudgha.
  8184 | D:9      | Noticed a four-headed hydra
  8192 | D:9      | Killed a seven-headed hydra
  8237 | D:9      | Noticed a centaur warrior
  8242 | D:9      | Killed a centaur warrior
  8290 | D:9      | Noticed a two-headed ogre
  8296 | D:9      | Killed a two-headed ogre
  8641 | Lair:1   | Entered Level 1 of the Lair of Beasts
  8641 | Lair:1   | Noticed a four-headed hydra
  8696 | Lair:1   | Killed a nine-headed hydra
  8754 | Lair:1   | Noticed Urug
  8763 | Lair:1   | Killed Urug
  8938 | Lair:1   | Reached skill level 10 in Evocations
  9037 | Lair:1   | Noticed a six-headed hydra
  9046 | Lair:1   | Killed a 12-headed hydra
  9049 | Lair:1   | Reached XP level 13. HP: 147/147 MP: 10/12
  9099 | Lair:1   | Noticed Nergalle
  9107 | Lair:1   | Killed Nergalle
  9422 | Lair:1   | Found a runed translucent door.
  9436 | Lair:1   | Received a gift from Trog
  9457 | Lair:1   | Found a runed translucent gate.
  9459 | Lair:1   | Found a runed translucent gate.
  9459 | Lair:1   | Identified the +10 whip of Zuhorex {flame, Contam Will+++
                  | Int+2 Dex+4}
  9461 | Lair:1   | Found a runed translucent gate.
  9461 | Lair:1   | Found a runed translucent gate.
  9461 | Lair:1   | Found a runed translucent gate.
  9463 | Lair:1   | Found a runed translucent gate.
  9700 | Lair:1   | Reached skill level 18 in Fighting
 10164 | Lair:2   | Found a frozen archway.
 10181 | IceCv    | Entered an ice cave
 11393 | IceCv    | Identified the +1 triple sword of Dismay {flame, Will+
                  | Dex+3 SInv}
 11400 | IceCv    | Identified the +6 bardiche of the Endless Expanse {elec,
                  | rF- rN+ Dex+5}
 11809 | Lair:3   | Found a hole to the Spider Nest.
 11823 | Lair:3   | Received a gift from Trog
 11827 | Lair:3   | Reached skill level 15 in Long Blades
 11866 | Lair:3   | Found a broken altar of Ashenzari.
 11936 | Lair:3   | Noticed Rupert
 11950 | Lair:3   | Killed Rupert
 12652 | Lair:3   | Found a staircase to the Swamp.
 12860 | Lair:3   | Reached XP level 14. HP: 158/158 MP: 13/13
 12860 | Lair:3   | Lost mutation: You are robust. (+10% HP) [potion of
                  | mutation]
 12860 | Lair:3   | Lost mutation: Your flesh is heat resistant. (rF+) [potion
                  | of mutation]
 12860 | Lair:3   | Lost mutation: Your natural rate of healing is unusually
                  | fast. [potion of mutation]
 12860 | Lair:3   | Gained mutation: You have sharp fingernails. [potion of
                  | mutation]
 12860 | Lair:3   | Gained mutation: You are occasionally teleported next to
                  | monsters. [potion of mutation]
 12860 | Lair:3   | Gained mutation: You possess an exceptional clarity of
                  | mind. [potion of mutation]
 12861 | Lair:3   | Lost mutation: You possess an exceptional clarity of mind.
                  | [potion of mutation]
 12861 | Lair:3   | Lost mutation: You are occasionally teleported next to
                  | monsters. [potion of mutation]
 12861 | Lair:3   | Gained mutation: You passively dampen the noise of your
                  | surroundings. [potion of mutation]
 12861 | Lair:3   | Gained mutation: You have an increased reservoir of magic.
                  | (+10% MP) [potion of mutation]
 12861 | Lair:3   | Gained mutation: Your flesh is cold resistant. (rC+)
                  | [potion of mutation]
 14930 | Lair:5   | Found a viscous altar of Jiyva.
 14930 | Lair:5   | Found a staircase to the Slime Pits.
 15713 | Lair:6   | Entered Level 6 of the Lair of Beasts
 15732 | Lair:6   | Reached skill level 19 in Fighting
 15843 | Lair:6   | Noticed Snorg
 15848 | Lair:6   | Received a gift from Trog
 15854 | Lair:6   | Killed Snorg
 16666 | Lair:6   | Reached XP level 15. HP: 151/152 MP: 15/15
 17888 | Lair:6   | Identified the +4 scale mail of Masochism {rC+ rN+ Dex-5
                  | Slay+2}
 18036 | Lair:6   | Identified the +9 shortbow of Circular Logic {vorpal, rC-
                  | Will- Str+8}
 18256 | D:10     | Entered Level 10 of the Dungeon
 18572 | D:10     | Found a staircase to the Orcish Mines.
 18587 | Orc:1    | Entered Level 1 of the Orcish Mines
 18830 | Orc:2    | Entered Level 2 of the Orcish Mines
 18830 | Orc:2    | Noticed Sonja
 18833 | Orc:2    | Killed Sonja
 18949 | Orc:2    | Noticed an orc warlord
 18999 | Orc:1    | Killed an orc warlord
 19551 | Orc:2    | Found a staircase to the Elven Halls.
 19685 | Orc:2    | Reached skill level 15 in Armour
 19758 | Orc:2    | Received a gift from Trog
 20283 | Orc:2    | Found a burning altar of Makhleb.
 20372 | Orc:2    | Found Pyothru's Antique Weapon Shop.
 20372 | Orc:2    | Found Xoymneih's Book Emporium.
 20373 | Orc:2    | Found Plog's Armour Shoppe.
 20373 | Orc:2    | Found Hidaen's Magic Scroll Shop.
 20418 | Orc:2    | Noticed Maurice
 21000 | Orc:1    | Killed Maurice
 21847 | D:11     | Found the +7 captain's cutlass {speed, disarm}
 22419 | D:12     | Identified the +8 ring mail "Pufej" {rC+ MP-9 Str+3 Int+4}
 22516 | D:12     | Reached XP level 16. HP: 162/162 MP: 7/16
 22639 | D:12     | Found a bloodstained altar of Trog.
 23073 | D:13     | Reached skill level 20 in Fighting
 23076 | D:13     | Reached skill level 1 in Bows
 23523 | D:13     | Reached skill level 1 in Shields
 24855 | D:14     | Found a gate to the Vaults.
 25959 | D:15     | Entered Level 15 of the Dungeon
 26354 | D:15     | Reached skill level 5 in Shields
 26885 | D:15     | Found a staircase to the Depths.
 27564 | Swamp:1  | Entered Level 1 of the Swamp
 27580 | Swamp:1  | Noticed Kirke
 28099 | Swamp:1  | Noticed a sphinx
 28260 | Swamp:1  | Noticed a sphinx
 28590 | Swamp:1  | Noticed a sphinx
 28889 | Swamp:1  | Noticed Kirke
 28889 | Swamp:1  | Kirke changed into Kirke the six-headed hydra
 28897 | Swamp:1  | Killed Kirke the three-headed hydra
 29379 | Swamp:1  | Received a gift from Trog
 29587 | Swamp:1  | Reached skill level 15 in Evocations
 30668 | Swamp:2  | Reached XP level 17. HP: 143/171 MP: 6/17
 30674 | Swamp:2  | Identified the +6 short sword of the Destroying Priest
                  | {freeze, Int+6}
 30796 | Swamp:2  | Acquired a +2 crystal plate armour
 30799 | Swamp:2  | Found a runed translucent door.
 30817 | Swamp:2  | Found a shimmering altar of Xom.
 30817 | Swamp:2  | Noticed mitch45678's ghost (adept PaFi)
 30858 | Swamp:2  | Reached skill level 5 in Bows
 30862 | Swamp:2  | Identified the +6 chain mail of the Game of Life {rF++
                  | Int+3 Slay+6}
 32382 | Swamp:2  | Killed mitch45678's ghost
 32383 | Swamp:2  | Identified the ring "Tyfagg" {rN+ Str+4 Int+6}
 32513 | Swamp:3  | Found a snail-covered altar of Cheibriados.
 34157 | Swamp:3  | You fall into a shaft and drop 1 floor!
 34157 | Swamp:4  | Entered Level 4 of the Swamp
 34954 | Swamp:4  | Identified the +5 falchion "Awaisunleu" {flame, Str+3
                  | Int+4}
 34960 | Swamp:4  | Identified the +3 leather armour "Futsuapp" {rElec}
 36329 | Swamp:4  | Identified the +2 falchion of Contradiction {flame, rPois
                  | rC+ rN+} (Trog gifted it to you on level 4 of the Swamp)
 36329 | Swamp:4  | Received a gift from Trog
 36714 | Swamp:4  | Reached skill level 21 in Fighting
 37015 | Swamp:4  | Noticed a tentacled monstrosity
 37045 | Swamp:4  | Killed a tentacled monstrosity
 37169 | Swamp:4  | Gained mutation: You are frail. (-10% HP) [a neqoxec]
 37171 | Swamp:4  | Lost mutation: You are frail. (-10% HP) [a neqoxec]
 37604 | Swamp:4  | Reached skill level 5 in Dodging
 38023 | Swamp:4  | Got a decaying rune of Zot
 39223 | Spider:1 | Entered Level 1 of the Spider Nest
 39755 | Spider:1 | Reached XP level 18. HP: 165/182 MP: 7/18
 41734 | Spider:2 | Noticed Arachne
 41749 | Spider:1 | Killed Arachne
 42647 | Spider:2 | Noticed Aizul
 42663 | Spider:2 | Killed Aizul
 43100 | Spider:2 | Identified Roxanne's Disquisition on Changing
 43100 | Spider:2 | Noticed Roxanne
 43119 | Spider:2 | Killed Roxanne
 43119 | Spider:2 | Identified the +8 falchion "Qibun" {vorpal, Str+4} (Trog
                  | gifted it to you on level 2 of the Spider Nest)
 43119 | Spider:2 | Received a gift from Trog
 43177 | Spider:2 | Reached skill level 10 in Shields
 43617 | Spider:3 | Noticed Jorgrun
 43626 | Spider:3 | Killed Jorgrun
 44332 | Spider:3 | Noticed Mlioglotl
 44339 | Spider:3 | Killed Mlioglotl
 44628 | Spider:3 | Noticed Bai Suzhen
 44644 | Spider:3 | Killed Bai Suzhen
 45091 | Spider:3 | Noticed Nikola
 45106 | Spider:3 | Killed Nikola
 45494 | Spider:4 | Entered Level 4 of the Spider Nest
 45792 | Spider:4 | Identified the +0 buckler of Pride {+Blink rC- Stlth+}
 46191 | Spider:4 | HP: 5/182 [something (8)]
 46192 | Spider:4 | Slain by a redback

Illustrated notes

Levels and vault maps discovered:
D:1:      dpeg_arrival_snail, layout_basic,
          hellmonk_ecumenical_altar_inner_sanctum
D:2:      layout_loops_ring
D:3:      layout_loops_ring, uniq_robin
D:4:      layout_cave_pools, enter_ossuary_5
D:5:      layout_cave_pools, minmay_temple_entry_large_hall,
          grunt_decor_arrowhead
D:6:      layout_rooms, nicolae_qazlal_scattered_showers, gammafunk_ghost_arena,
          serial_glass, glass_columns_b, glass_columns_a, glass_columns_b,
          glass_columns_c, glass_columns_a, glass_columns_a, glass_columns_a,
          glass_columns_b
D:7:      layout_basic
D:8:      wander_river, layout_cave_pods, mainiacjoe_overflow_surrounded_room,
          grunt_temple_overflow_open, serial_shops, nicolae_shop_trees
D:9:      minmay_flawed_box, layout_stronghold,
          nicolae_hepliaklqana_ecumenical_no_more, kennysheep_mini,
          lair_entry_dummy, enter_bailey_3, nzn_random_ring, uniq_maggie
D:10:     layout_gridville, orc_0_dummy
D:11:     layout_basic
D:12:     layout_irregular_city, serial_column_ruins,
          column_ruins_courtyard_long_water, column_ruins_corridor_straight,
          column_ruins_open_small, column_ruins_grid_1,
          column_ruins_open_medium, column_ruins_grid_3, minmay_statues_item,
          minmay_tree_intersection, trog_three_pillars_becter
D:13:     layout_rooms
D:14:     layout_stronghold, erik_vaults_2, chequers_serial_rivers_micro_a,
          lightli_corner_chamber
D:15:     hangedman_depths_entry_civil_slaughter, layout_rooms,
          hangedman_decor_push
Lair:1:   gammafunk_indiana_jones, layout_concentric_octagons, worms_lemuel,
          uniq_urug, uniq_nergalle
Lair:2:   layout_roguey, portal_ice_cave_rime, lemuel_fruit_tree
Lair:3:   hangedman_what_comes_after_a, layout_cave_pods,
          nicolae_swamp_entry_splash_gauntlet, spider_nest_entry_web_field,
          basic_altar, serial_bayou_shore_a, uniq_rupert
Lair:4:   layout_layer_cave, special_room [special_room_mythical_zoo],
          minmay_stone_trees_small, chequers_serial_rivers_micro_d
Lair:5:   layout_misc_corridors, slime_altar_1, minivault_19, st_stairs_10
Lair:6:   hangedman_lair_in_review, layout_gridlike, uniq_snorg
Swamp:1:  layout_basic_swamp, evilmike_swamp_ruin_house_6,
          infiniplex_staircase_pool, uniq_kirke
Swamp:2:  layout_basic_swamp, ebering_ghost_xom, nicolae_swamp_oxbows,
          swamp_pool5
Swamp:3:  layout_falls_marsh, basic_altar, swamp_pool2,
          nicolae_swamp_little_tower
Swamp:4:  nzn_swamp_witches_coven, layout_basic_swamp
Spider:1: layout_spider_delve
Spider:2: layout_spider_delve, nicolae_spider_webbed_stairs, uniq_arachne,
          uniq_aizul, uniq_roxanne
Spider:3: layout_chambers, hangedman_spider_tarantella_strand, uniq_bai_suzhen,
          uniq_nikola, uniq_mlioglotl, uniq_jorgrun
Spider:4: floodkiller_spider_rune_tomb
Orc:1:    layout_caves
Orc:2:    st_orc_ogre_mass, layout_caves, basic_altar, uniq_maurice, uniq_sonja

Skill      XL: |  1  2  3  4  5  6  7  8  9 10 11 12 13 14 15 16 17 18 |
---------------+-------------------------------------------------------+-----
Fighting       | 4 5 6 7 9 11 13 16 17 18 19 20 21 | 21.6
Long Blades    | 4 5 6 7 9 10 11 13 15 17 18 19 20 | 20.0
Armour         | 3 4 5 6 7 8 9 11 12 13 14 15 16 17 | 17.7
Evocations     | 2 4 6 8 10 11 13 14 15 16 | 16.0
Bows           | 4 7 8 |  8.4
Shields        | 6 8 10 | 10.9
Dodging        | 5 7 |  7.4

Action                   |  1- 3 |  4- 6 |  7- 9 | 10-12 | 13-15 | 16-18 || total
-------------------------+-------+-------+-------+-------+-------+-------++-------
Melee: Falchion          |    92 |   148 |    30 |       |       |   168 ||   438
       Headbutt          |    13 |    25 |    11 |    57 |   223 |   315 ||   644
       Double sword      |       |       |    61 |   245 |   832 |   880 ||  2018
       Triple sword      |       |       |       |       |       |     8 ||     8
       Long sword        |       |       |       |       |       |     7 ||     7
 Fire: Shortbow          |       |       |       |       |       |    23 ||    23
Invok: Berserk           |       |     3 |     4 |    13 |    21 |    28 ||    69
       Brothers in Arms  |       |       |       |       |    24 |    16 ||    40
       Trog's Hand       |       |       |       |       |       |     2 ||     2
Evoke: Wand              |       |       |     2 |    10 |    27 |    13 ||    52
       Condenser vane    |       |       |       |       |     5 |     7 ||    12
       Tin of tremorston |       |       |       |       |       |     6 ||     6
       Phantom mirror    |       |       |       |       |       |     2 ||     2
  Use: Scroll            |     8 |     5 |     6 |    21 |    10 |    17 ||    67
       Potion            |     1 |     1 |     4 |     3 |     5 |    12 ||    26
 Stab: Distracted        |       |       |       |       |     2 |     9 ||    11
       Sleeping          |       |       |       |       |       |     2 ||     2
       Held in net/web   |       |       |       |       |       |     1 ||     1
Armor: Animal skin       |     8 |       |       |       |       |       ||     8
       Plate armour      |    17 |    75 |    52 |   191 |   324 |       ||   659
       Skin              |       |     2 |       |       |       |       ||     2
       Ice dragon scales |       |       |       |       |    22 |       ||    22
       Scale mail        |       |       |       |       |   102 |       ||   102
       Ring mail         |       |       |       |       |       |   546 ||   546
       Chain mail        |       |       |       |       |       |   101 ||   101
       Swamp dragon scal |       |       |       |       |       |    56 ||    56
       Crystal plate arm |       |       |       |       |       |   131 ||   131
Dodge: Dodged            |    58 |    37 |    35 |    94 |   465 |   693 ||  1382
Block: Buckler           |       |       |       |       |       |   261 ||   261

Table legend: (Time is in decaauts)
 A = Elapsed time spent in this place.
 B = Non-inter-level travel time spent in this place.
 C = Inter-level travel time spent in this place.
 D = Time resting spent in this place.
 E = Time spent auto-exploring this place.
 F = Levels seen in this place.
 G = Mean time per level.
                   A        B        C        D        E       F      G
               +--------+--------+--------+--------+--------+-----+--------+
         Total |  46633 |  44858 |   1775 |  18840 |  19800 |  34 | 1371.6 |
       Dungeon |  15276 |  14645 |    631 |   3472 |   8943 |  15 | 1018.4 |
          Lair |  10184 |   9524 |    660 |   3971 |   4281 |   6 | 1697.3 |
         Swamp |  10286 |  10112 |    174 |   6154 |   2947 |   4 | 2571.5 |
   Spider Nest |   6178 |   5949 |    229 |   2956 |   2191 |   4 | 1544.5 |
  Orcish Mines |   2579 |   2500 |     79 |   1155 |    943 |   2 | 1289.5 |
       Ossuary |    373 |    373 |      0 |    157 |    103 |   1 |  373.0 |
        Bailey |    481 |    481 |      0 |    238 |     80 |   1 |  481.0 |
      Ice Cave |   1273 |   1273 |      0 |    735 |    309 |   1 | 1273.0 |
               +--------+--------+--------+--------+--------+-----+--------+

Top non-repeatable levels by time:
 Swamp:4: 4712 daAuts
  Lair:3: 2829 daAuts
Spider:1: 2573 daAuts
    D:14: 2570 daAuts
     D:9: 2489 daAuts
  Lair:6: 2375 daAuts
Spider:3: 2216 daAuts
 Swamp:2: 1892 daAuts
 Swamp:1: 1889 daAuts
 Swamp:3: 1792 daAuts
  Lair:4: 1534 daAuts
  Lair:1: 1325 daAuts
   Orc:1: 1320 daAuts
  Lair:5: 1303 daAuts
   IceCv: 1273 daAuts
